 Dungeon Crawl Stone Soup version 0.28.0 (webtiles) character file.

Game seed: 4714835958545342613

144 hikkokomori the Digger (level 5, 0/38 HPs)
             Began as a Formicid Earth Elementalist on Feb 8, 2022.
             Slain by Ijyb (5 damage)
             ... on level 3 of the Dungeon.
             The game lasted 00:08:45 (2427 turns).

hikkokomori the Digger (FoEE)                       Turns: 2427, Time: 00:08:45

Health: 0/38       AC:  6    Str: 15    XL:     5   Next: 51%
Magic:  9/9        EV:  9    Int: 14    God:
Gold:   118        SH:  0    Dex: 11    Spells: 9/10 levels left

rFire   . . .      SeeInvis +   m - +0 war axe (vamp)
rCold   . . .      Faith    .   (no shield)
rNeg    . . .      Spirit   .   d - +0 scale mail
rPois   .          Reflect  .   (helmet unavailable)
rElec   .          Harm     .   (no cloak)
rCorr   .          Rampage  .   (no gloves)
Will    .....                   (no boots)
Stlth   +.........              (no amulet)
HPRegen 0.12/turn               (no ring)
MPRegen 0.11/turn               (no ring)

@: no status effects
A: permanent stasis, dig shafts and tunnels, antennae 3, four strong arms
a: Dig, Shaft Self


You were on level 3 of the Dungeon.
You visited 1 branch of the dungeon, and saw 3 of its levels.

You collected 118 gold pieces.

Inventory:

Hand Weapons
 a - a +0 dagger
 k - a +0 falchion
 m - a +0 vampiric war axe (weapon)
Missiles
 c - 51 stones
Armour
 b - a +0 robe
 d - a +0 scale mail (worn)
Wands
 j - a wand of polymorph (6)
Scrolls
 e - a scroll of magic mapping {unknown}
 f - 2 scrolls of amnesia
 i - a scroll of immolation {unknown}
 l - a scroll of acquirement {unknown}
 o - a scroll of noise {unknown}
Potions
 g - a potion of attraction {unknown}
 h - a potion of lignification {unknown}
 n - 4 potions of heal wounds {unknown}


   Skills:
 + Level 2.2 Fighting
 + Level 0.4 Axes
 - Level 2.1 Dodging
 - Level 3.5 Stealth
 - Level 3.0 Spellcasting
 - Level 2.0 Transmutations
 + Level 4.4 Earth Magic


You had 9 spell levels left.
You knew the following spells:

 Your Spells              Type           Power      Damage    Failure   Level
a - Sandblast             Erth           28%        2d8       14%         1

Your spell library contained the following spells:

 Spells                   Type           Power      Damage    Failure   Level
 Passwall                 Tmut/Erth      9%         N/A       34%         2
 Beastly Appendage        Tmut           14%        N/A       36%         1
 Wereblood                Tmut           7%         N/A       52%         2
 Stone Arrow              Conj/Erth      16%        3d8       71%         3
 Spider Form              Tmut/Pois      4%         N/A       87%         3
 Petrify                  Tmut/Erth      11%        N/A       93%         4


Dungeon Overview and Level Annotations

Branches:
Dungeon (3/15)

Altars:

Shops:
D:2 (

Annotations:
D:2 Robin
D:3 3 runed translucent doors, Ijyb; indyram44's ghost, amateur DsGl


Innate Abilities, Weirdness & Mutations

You cannot be hasted, slowed, berserked, paralysed or teleported.
You can dig through walls and to a lower floor.
You have a pair of large antennae on your head. (SInv)
Your four strong arms can wield two-handed weapons with a shield.


Message History

Ijyb is lightly wounded.
You closely miss the adder. Ijyb hits you with a +0 club!
Ijyb hits you with a +0 club. The adder bites you but does no damage.
Ijyb hits you but does no damage. The adder bites you but does no damage.
You are too injured to fight recklessly!
You are too injured to fight recklessly!
You are too injured to fight recklessly!
You are too injured to fight recklessly!
Unknown command.
You closely miss Ijyb.
Ijyb is lightly wounded.
You barely miss the adder. Ijyb hits you but does no damage.
The adder bites you but does no damage. Ijyb hits you but does no damage.
Unknown command.
You barely miss Ijyb.
Ijyb is lightly wounded.
You miss the adder. The adder barely misses you. Ijyb barely misses you.
The adder bites you but does no damage. Ijyb barely misses you.
Unknown command.
You hit Ijyb but do no damage.
Ijyb is lightly wounded.
You slash the adder!
You feel better. Ijyb hits you with a +0 club. The adder barely misses you.
Ijyb hits you but does no damage. The adder barely misses you.
Ijyb hits you with a +0 club.
Unknown command.
You hit Ijyb.
You feel better.
Ijyb is moderately wounded.
You completely miss the adder. The adder bites you.
Ijyb hits you with a +0 club.
* * * LOW HITPOINT WARNING * * *
Indyram44's ghost wails, "They lied to you.
The Dungeon just goes down and down forever."
The adder bites you but does no damage. Ijyb closely misses you.
Unknown command.
You miss the adder.
The adder is almost dead.
You hit Ijyb. The adder bites you.
* * * LOW HITPOINT WARNING * * *
Ijyb closely misses you. The adder closely misses you.
Ijyb hits you with a +0 club.
You die...

#.#⌠K#.#.{#......#
#.#KK#K#WK#......#
##.##KKK{K##......#
....##+++##.......#
##................#
##...##.##........########
.#...##.##...............#
.#....#....##.#..#######..
.####.#.........@#
........>....#..gS......
..#.#.#....######.....##
#.#...#......# .....#
..)...#####..# .###.#
......# .... .. + ......#
.... ## ......# .. ......#


You could see a kobold brigand, Ijyb (berserk), indyram44's ghost, an adder and
a kobold.

Vanquished Creatures
  Terence (D:2)
  An orc wizard (D:3)
  2 adders (D:3)
  2 dart slugs (D:1)
  4 orcs (D:3)
  10 bats
  3 endoplasms
  2 giant cockroaches (D:1)
  11 goblins
  7 hobgoblins
  5 kobolds
  A quokka (D:2)
  7 ball pythons
  5 frilled lizards
  6 rats
67 creatures vanquished.

Vanquished Creatures (others)
  2 fungi (D:3)
  A plant (D:3)
3 creatures vanquished.

Grand Total: 70 creatures vanquished

Notes
Turn   | Place    | Note
-------+----------+-------------------------------------------
     0 | D:1      | hikkokomori the Formicid Earth Elementalist began the quest
                  | for the Orb.
     0 | D:1      | Reached XP level 1. HP: 13/13 MP: 3/3
    77 | D:1      | Reached XP level 2. HP: 20/20 MP: 0/5
   439 | D:1      | Reached XP level 3. HP: 25/25 MP: 3/6
   513 | D:1      | Reached skill level 1 in Fighting
   899 | D:2      | Reached skill level 4 in Earth Magic
  1211 | D:2      | Noticed Terence
  1228 | D:2      | Killed Terence
  1229 | D:2      | Reached XP level 4. HP: 19/32 MP: 0/8
  1549 | D:2      | Found Jyirch's Weapon Shop.
  1566 | D:2      | Found a faded altar of an unknown god.
  1716 | D:2      | Noticed Robin
  1786 | D:3      | Reached XP level 5. HP: 16/36 MP: 9/9
  2311 | D:3      | Noticed a kobold brigand
  2312 | D:3      | Found a runed translucent gate.
  2312 | D:3      | Noticed indyram44's ghost (amateur DsGl)
  2313 | D:3      | Found a runed translucent gate.
  2314 | D:3      | Found a runed translucent gate.
  2418 | D:3      | Noticed Ijyb
  2427 | D:3      | Slain by Ijyb

Illustrated notes

Levels and vault maps discovered:
D:1:      dpeg_arrival_boxes_within_box, layout_rooms, minmay_pentomino_r2
D:2:      layout_basic, serial_shops, nicolae_shop_bloodbath_and_beyond,
          ebering_ecumenical_altar_mist, minmay_tree_intersection, uniq_terence,
          uniq_robin
D:3:      layout_basic, hangedman_ru_absence, gammafunk_ghost_nasty_kobolds,
          uniq_ijyb, uniq_grinder

Skill      XL: |  1  2  3  4  5 |
---------------+----------------+-----
Dodging        | 2 |  2.1
Fighting       | 1 2 |  2.2
Stealth        | 3 |  3.5
Earth Magic    | 4 |  4.4
Spellcasting   | 3 |  3.0
Transmutations | 2 |  2.0
Axes           | |  0.4

Action                   |  1- 3 |  4- 6 || total
-------------------------+-------+-------++-------
Melee: Unarmed           |    15 |       ||    15
       Dagger            |   117 |       ||   117
       Punch             |     2 |       ||     2
       Falchion          |       |    87 ||    87
       War axe           |       |    33 ||    33
 Cast: Sandblast         |    22 |       ||    22
 Abil: Dig               |       |     2 ||     2
  Use: Scroll            |       |     1 ||     1
 Stab: Sleeping          |     1 |       ||     1
Armor: Robe              |     7 |       ||     7
       Scale mail        |    68 |    81 ||   149
       Skin              |     5 |       ||     5
Dodge: Dodged            |    87 |    94 ||   181
